 Dungeon Crawl Stone Soup version 0.17-a0-737-gf0a300a (webtiles) character file.

305 MackTheKnife the Cudgeler (level 6, 0/32 HPs)
             Began as a Vine Stalker Berserker on May 9, 2015.
             Was a Believer of Trog.
             Succumbed to poison (a potion of poison)
             ... on level 6 of the Dungeon.
             The game lasted 00:03:31 (973 turns).

MackTheKnife the Cudgeler (Vine Stalker Berserker)   Turns: 973, Time: 00:03:31

Health: 0/32       AC:  7    Str: 19    XL:     6   Next: 39%
Magic:  7/7        EV: 10    Int:  7    God:    Trog [**....]
Gold:   93         SH:  0    Dex: 16    Spells: 0 memorised, 5 levels left

rFire  . . .     SeeInvis .     g - +1 flail
rCold  . . .     Clarity  .     h - +0 scale mail
rNeg   . . .     SustAb   .     (no shield)
rPois  .         Gourm    .     (no helmet)
rElec  .         Spirit   +     (no cloak)
rCorr  .         Warding  .     (no gloves)
rMut   .         Stasis   .     (no boots)
MR     .....                    (no amulet)
Stlth  ..........               (no ring)
                                f - ring of loudness (curse) {Stlth-}

@: lethally poisoned (0 -> -4), exhausted, slowed, very slow, not resistant to
hostile enchantments, extremely unstealthy
A: fangs 2, regeneration 2, shaggy fur 1, magic shield, antimagic bite, no
device heal 3, rot immunity
a: Burn Spellbooks, Berserk, Trog's Hand, Renounce Religion


You were on level 6 of the Dungeon.
You worshipped Trog.
Trog was pleased with you.
You were very hungry.

You visited 1 branch of the dungeon, and saw 6 of its levels.

You collected 93 gold pieces.

Inventory:

Hand weapons
 g - a +1 flail (weapon)
   (You took it off Terence on level 2 of the Dungeon)
Armour
 b - a +0 animal skin
 h - a +0 scale mail (worn)
   (You took it off Terence on level 2 of the Dungeon)
Jewellery
 f - a cursed ring of loudness (left hand) {Stlth-}
   (You found it on level 1 of the Dungeon)
Magical devices
 j - a wand of teleportation (1)
   (You took it off Jessica on level 3 of the Dungeon)
 n - a wand of disintegration (17)
   (You found it on level 4 of the Dungeon)
Scrolls
 d - a scroll of recharging
Potions
 a - a potion of mutation {unknown}
 e - 2 potions of heal wounds
 l - a potion of curing {unknown}
 m - a potion of poison {!q}
Comestibles
 c - a bread ration {@e1}


   Skills:
 - Level 2.6 Fighting
 + Level 6.3 Maces & Flails
 - Level 1.5 Armour
 - Level 1.5 Dodging


You had 5 spell levels left.
You didn't know any spells.

Dungeon Overview and Level Annotations

Branches:
Dungeon (6/15)
 Temple: D:4-7

Altars:


Innate Abilities, Weirdness & Mutations

You have extremely sharp teeth.
You heal very quickly.
You are covered in fur (AC +1).
When hurt, damage is shared between your health and your magic reserves.
Your bite disrupts and absorbs the magic of your enemies.
Potions and wands cannot restore your health.
You are immune to rotting.


Message History

You take 9 damage, and have 31/48 hp.
You now have 5/7 mp.
You thump the gnoll!
You feel the power of Trog in you as your rage grows.
You kill the gnoll!
Trog accepts your kill.
You feel sick.
You take 1 damage, and have 30/48 hp.
You feel sick. The gnoll hits you but does no damage.
Things that are here:
a flail; a spear of venom; a gnoll corpse You hit the gnoll.
Your bite misses the gnoll.
You feel sick.
You take 1 damage, and have 29/48 hp.
You bludgeon the gnoll!!
You kill the gnoll!
Trog accepts your kill.
You feel sick.
You bludgeon the orc!!
You kill the orc!
Trog accepts your kill.
You feel sick.
You hear some strange, mumbled words.
You are confused.
You take 1 damage, and have 28/48 hp.
You feel a strong urge to attack something.
You feel sick.
Things that are here:
a flail; a spear of venom; a gnoll corpse You are no longer berserk.
You are exhausted.
You feel yourself slow down.
You are feeling very hungry.
You feel sick. Something hits you but does no damage.
Items here: )) †† a whip; a halberd; an orc corpse; a gnoll corpse You now have 18/32 hp.
You miss something. Your bite misses something.
You feel sick. Something hits you. x2
You take 3 damage, and have 15/32 hp.
You're too confused to move!
You feel sick. Something hits you but does no damage.
An orc comes into view.
Items here: )) †† a whip; a halberd; an orc corpse; a gnoll corpse Drink which item? (? for menu, Esc to quit)
It was a potion of poison.
That liquid tasted very nasty...
You are lethally poisoned!
You feel very sick.
The orc shouts!
Something hits you but does no damage. x2
You take 3 damage, and have 12/32 hp.
Unknown command.
You bump into the rock wall.
You feel less confused.
* * * LOW HITPOINT WARNING * * *
You feel very sick.
The orc priest looks braver.
Something hits you but does no damage.
You take 3 damage, and have 9/32 hp.
You feel less vulnerable to hostile enchantments.
* * * LOW HITPOINT WARNING * * *
You feel very sick.
The orc priest mumbles some strange prayers to Beogh.
You feel troubled. Something hits you.
* * * LOW HITPOINT WARNING * * *
Things that are here:
a flail; a spear of venom; a gnoll corpse You take 3 damage, and have 6/32 hp.
Read which item? (? for menu, Esc to quit)
Okay, then.
* * * LOW HITPOINT WARNING * * *
You feel sick.
You take 1 damage, and have 5/32 hp.
Drink which item? (? for menu, Esc to quit)
Okay, then.
You feel strangely unstable.
Evoking this partially-identified wand wasted a few charges.
* * * LOW HITPOINT WARNING * * *
You feel sick. Something hits you but does no damage.
Something hits you but does no damage.
You take 1 damage, and have 4/32 hp.
Unknown command.
Your surroundings suddenly seem different.
* * * LOW HITPOINT WARNING * * *
You feel sick.
The shadow imp hits you but does no damage.
A giant gecko and a shadow imp come into view.
You take 2 damage, and have 2/32 hp.
Unknown command.
You thump the shadow imp! Your bite misses the shadow imp.
* * * LOW HITPOINT WARNING * * *
You feel sick.
The shadow imp hits you but does no damage.
The shadow imp closely misses you.
You take 1 damage, and have 1/32 hp.
Unknown command.
You hit the shadow imp. You bite the shadow imp.
The shadow imp's magic leaks into the air.
You drain its magic.
You feel invigorated.
You die...

#.# #.#
#.# #.#
#.# #.#
#.# #5#
#@# #.#
#.# .l.
...
.....
.....
.......
...


You could see a shadow imp and a giant gecko.

Vanquished Creatures
  The ghost of kinazarov the Conjurer, an average DECj (D:3)
  A scorpion (D:4)
  Jessica (D:3)
  Terence (D:2)
  A worker ant (D:4)
  3 gnolls (D:6)
  2 adders (D:4)
  A worm (D:3)
  An orc (D:6)
  A giant cockroach (D:1)
  8 goblins
  5 hobgoblins
  A quokka (D:4)
  A giant newt (D:1)
  A kobold (D:3)
  4 rats
33 creatures vanquished.

Notes
Turn   | Place    | Note
--------------------------------------------------------------
     0 | D:1      | MackTheKnife, the Vine Stalker Berserker, began the quest for the Orb.
     0 | D:1      | Reached XP level 1. HP: 11/11 MP: 2/2
   205 | D:2      | Reached skill level 3 in Maces & Flails
   332 | D:2      | Noticed Terence
   338 | D:2      | Killed Terence
   338 | D:2      | Reached XP level 2. HP: 12/16 MP: 3/3
   338 | D:2      | Reached XP level 3. HP: 14/19 MP: 4/4
   349 | D:2      | Reached skill level 4 in Maces & Flails
   395 | D:3      | Noticed kinazarov's ghost (average DECj)
   405 | D:3      | Killed kinazarov's ghost
   405 | D:3      | Reached skill level 5 in Maces & Flails
   405 | D:3      | Reached XP level 4. HP: 18/23 MP: 5/5
   405 | D:3      | Reached XP level 5. HP: 21/27 MP: 6/6
   451 | D:3      | Noticed Jessica
   456 | D:3      | Killed Jessica
   480 | D:3      | Acquired Trog's second power
   727 | D:4      | Gained mutation: You heal very quickly. [Vine Stalker growth]
   727 | D:4      | Reached XP level 6. HP: 29/32 MP: 7/7
   778 | D:4      | Reached skill level 6 in Maces & Flails
   902 | D:5      | Entered Level 5 of the Dungeon
   968 | D:6      | HP: 7/32 [poison (a potion of poison)]
   971 | D:6      | HP: 2/32 [poison (a potion of poison)]
   973 | D:6      | Succumbed to poison (a potion of poison)

Action                   |  1- 3 |  4- 6 || total
-------------------------+-------+-------++-------
Melee: Mace              |    31 |       ||    31
       Flail             |     9 |    49 ||    58
Invok: Berserk           |     2 |     3 ||     5
Evoke: Wand              |       |     1 ||     1
  Use: Scroll            |     1 |     5 ||     6
       Potion            |       |     1 ||     1
  Eat: Chunk             |       |     4 ||     4

Vault maps used:
D:1:      ncdulo_watergridlock
D:2:      kennysheep_the_goblin_king, first_bread, uniq_terence
D:3:      uniq_iyjb, uniq_sigmund, uniq_jessica
D:4:      gammafunk_temple_overflow_elements, grunt_qazlal_clouds
D:5:      lemuel_crystal_altar
D:6:      minmay_temple_entry_overgrown, nicolae_ossuary_entry_plus,
          minmay_misc_feat_iff, uniq_pikel

Table legend:
 A = Turns spent in this place as a percentage of turns spent in the entire game.
 B = Non-inter-level travel turns spent in this place as a percentage of non-inter-level travel turns spent in the entire game.
 C = Inter-level travel turns spent in this place as a percentage of turns spent in this place.
 D = Turns resting spent in this place as a percentage of non-inter-level travel turns spent in this place.
 E = Turns spent auto-exploring this place as a percentage of non-inter-level travel turns spent in this place.
 F = Non-inter-level travel turns spent in this place divided by the number of levels of this place that you've seen.
                   A       B       C       D       E      F
               +-------+-------+-------+-------+-------+----------------------
         Total | 100.0 | 100.0 |   0.2 |   1.3 |   2.8 |  89.2
       Dungeon | 100.0 | 100.0 |   0.2 |   1.3 |   2.8 |  89.2
               +-------+-------+-------+-------+-------+----------------------

Table legend:
 A = Kills in this place as a percentage of kills in entire the game.
 B = Kills by you in this place as a percentage of kills by you in the entire game.
 C = Kills by friends in this place as a percentage of kills by friends in the entire game.
 D = Other kills in this place as a percentage of other kills in the entire game.
 E = Experience gained in this place as a percentage of experience gained in the entire game.
 F = Experience gained in this place divided by the number of levels of this place that you have seen.
                   A       B       C       D       E      F
               +-------+-------+-------+-------+-------+----------------------
         Total | 100.0 | 100.0 |  -nan |  -nan | 100.0 |  72.8
       Dungeon | 100.0 | 100.0 |  -nan |  -nan | 100.0 |  72.8
               +-------+-------+-------+-------+-------+----------------------
